 Dungeon Crawl Stone Soup version 0.23.0-3-gf3c87f2 (webtiles) character file.

Game seed: 17162130584780341854

49 Borgoz the Sneak (level 3, -5/22 HPs)
             Began as a Gargoyle Assassin on Feb 23, 2019.
             Slain by Sigmund
             ... wielding a +0 scythe
              (8 damage)
             ... on level 2 of the Dungeon.
             The game lasted 00:02:45 (1424 turns).

Borgoz the Sneak (Gargoyle Assassin)                Turns: 1424, Time: 00:02:46

Health: -5/22      AC:  6    Str: 14    XL:     3   Next: 77%
Magic:  3/3        EV: 12    Int: 11    God:
Gold:   30         SH:  0    Dex: 14    Spells: 2/2 levels left

rFire    . . .     SeeInvis .   a - +1 dagger (protect)
rCold    . . .     Gourm    .   (no shield)
rNeg     + . .     Faith    .   c - +0 robe
rPois    ∞         Spirit   .   (no helmet)
rElec    +         Reflect  .   d - +0 cloak
rCorr    .         Harm     .   (no gloves)
MR       .....                  (no boots)
Stlth    +.........             (no amulet)
HPRegen  0.07/turn              l - +2 ring of dexterity
MPRegen  0.08/turn              (no ring)

@: confused
A: negative energy resistance 1, electricity resistance, unbreathing,
petrification resistance, rot immunity, AC +3
a: no special abilities


You were on level 2 of the Dungeon.
You were not hungry.

You visited 1 branch of the dungeon, and saw 2 of its levels.

You collected 30 gold pieces.

Inventory:

Hand Weapons
 a - a +1 dagger of protection (weapon)
 b - a +0 blowgun
Missiles
 e - 3 poisoned needles
 f - 2 curare-tipped needles
Armour
 c - a +0 robe (worn)
 d - a +0 cloak (worn)
Jewellery
 l - a +2 ring of dexterity (left hand)
Scrolls
 i - a scroll of enchant armour {unknown}
 j - a scroll of fear {unknown}
 k - a scroll of blinking {unknown}
 o - a scroll of identify {unknown}
Comestibles
 g - 2 rations
 n - a chunk of flesh


   Skills:
 + Level 2.6 Fighting
 * Level 2.4 Short Blades
 - Level 1.7 Throwing
 + Level 1.1 Armour
 * Level 1.5 Dodging
 + Level 4.6 Stealth


You had 2 spell levels left.
You didn't know any spells.
Your spell library was empty.

Dungeon Overview and Level Annotations

Branches:
Dungeon (2/15)

Altars:

Annotations:
D:2 Sigmund


Innate Abilities, Weirdness & Mutations

You are resistant to torment.
Your stone body is resilient. (AC +3)
You are immune to poison.
You resist negative energy. (rN+)
You are resistant to electric shocks. (rElec)
You can survive without breathing.
You are immune to petrification.
You are immune to rotting.


Message History

Something tries to affect you, but you resist.
You hit the rat.
You kill the rat!
You hear some strange, mumbled words.
Something tries to affect you, but you resist.
Something hits you!
You see here a kobold corpse.
Something hits you. Something barely misses you. Something hits you.
* * * LOW HITPOINT WARNING * * *
You see here a kobold corpse.
You hear some strange, mumbled words.
You are confused.
You bump into the rock wall.
Something hits you.
* * * LOW HITPOINT WARNING * * *
It was a potion of magic.
Magic courses through your body. Something hits you but does no damage.
You bump into the rock wall.
Something hits you!
You die...

..........#
##.###...##
#..#########.
#.###..#.........
#........########
#####..### #..#
#.#######..#
#.....@.†..#
##########.#
#.#######
#.(......
#.(#####. #....#
.........
####....###
#.#..#


There were no monsters in sight!

Vanquished Creatures
  An adder (D:2)
  An ooze (D:1)
  A worm (D:2)
  3 dart slugs
  2 bats
  2 goblins (D:1)
  3 hobgoblins
  4 jackals (D:1)
  3 kobolds
  A quokka (D:2)
  A frilled lizard (D:1)
  5 rats
27 creatures vanquished.

Notes
Turn   | Place    | Note
-------+----------+-------------------------------------------
     0 | D:1      | Borgoz the Gargoyle Assassin began the quest for the Orb.
     0 | D:1      | Reached XP level 1. HP: 12/12 MP: 1/1
    64 | D:1      | Reached skill level 1 in Dodging
    66 | D:1      | Reached XP level 2. HP: 10/17 MP: 2/2
   780 | D:1      | Reached XP level 3. HP: 22/22 MP: 3/3
  1106 | D:2      | Reached skill level 1 in Armour
  1387 | D:2      | Noticed Sigmund
  1424 | D:2      | Slain by Sigmund

Skill      XL: |  1  2  3 |
---------------+----------+-----
Short Blades   | 2 |  2.4
Dodging        | 1 |  1.5
Armour         | 1 |  1.1
Fighting       | |  2.6
Throwing       | |  1.7
Stealth        | |  4.6

Action                   || total
-------------------------++-------
Melee: Dagger            ||   147
 Fire: Blowgun           ||     5
  Use: Potion            ||     2
 Stab: Sleeping          ||     3
  Eat: Chunk             ||     2
Armor: Robe              ||    52
Dodge: Dodged            ||   109
